 Dungeon Crawl Stone Soup version 0.21-a0-210-gbfa5647 (webtiles) character file.

469 pkoi the Slasher (level 6, -13/52 HPs)
             Began as a Minotaur Gladiator on Aug 22, 2017.
             Was an Initiate of Okawaru.
             Mangled by an ogre
             ... wielding a +0 giant club
              (20 damage)
             ... on level 4 of the Dungeon.
             The game lasted 00:06:00 (3664 turns).

pkoi the Slasher (Minotaur Gladiator)               Turns: 3664, Time: 00:06:00

Health: -13/52     AC: 13    Str: 21    XL:     6   Next: 82%
Magic:  5/5        EV:  7    Int:  5    God:    Okawaru [......]
Gold:   220        SH:  0    Dex: 11    Spells: 5/5 levels left

rFire    . . .     SeeInvis .   a - +0 long sword
rCold    . . .     Gourm    .   (no shield)
rNeg     . . .     Faith    .   p - +0 plate armour
rPois    .         Spirit   .   c - +0 hat
rElec    .         Reflect  .   A - +0 cloak
rCorr    .         Harm     .   w - +0 pair of gloves
MR       .....                  (no boots)
Stlth    ..........             (no amulet)
HPRegen  0.17/turn              (no ring)
MPRegen  0.09/turn              (no ring)

@: drained
A: retaliatory headbutt, horns 2
a: Renounce Religion


You were on level 4 of the Dungeon.
You worshipped Okawaru.
Okawaru was noncommittal.
You were hungry.

You visited 1 branch of the dungeon, and saw 4 of its levels.
You also visited: Sewer.

You collected 220 gold pieces.

Inventory:

Hand Weapons
 a - a +0 long sword (weapon)
Missiles
 d - 3 throwing nets (quivered)
Armour
 c - a +0 hat (worn)
 p - a +0 plate armour (worn)
 w - a +0 pair of gloves (worn)
 A - a +0 cloak (worn)
Jewellery
 v - an uncursed amulet of harm
 y - an uncursed ring of protection from cold {unknown}
Scrolls
 b - a scroll of recharging
 g - 4 scrolls of identify
 h - 2 scrolls of blinking {unknown}
 i - a scroll of random uselessness {unknown}
 m - 2 scrolls of immolation {unknown}
 n - a scroll of fear {unknown}
 o - 2 scrolls of amnesia {unknown}
 r - 3 scrolls of enchant weapon {unknown}
 t - 2 scrolls of remove curse {unknown}
 B - 2 scrolls of teleportation
Potions
 e - 2 potions of curing {unknown}
 k - 4 potions of might {unknown}
 q - a potion of agility {unknown}
 s - 2 potions of heal wounds
 u - 2 potions of mutation {unknown}
 x - 4 potions of flight
 z - a potion of cancellation {unknown}
Comestibles
 f - 2 bread rations
 j - 3 meat rations
 l - 4 royal jellies


   Skills:
 + Level 4.1(3.8) Fighting
 + Level 6.0(5.7) Long Blades
 + Level 3.6(3.3) Throwing
 + Level 3.5(3.2) Armour
 + Level 4.3(4.0) Dodging


You had 5 spell levels left.
You didn't know any spells.

Dungeon Overview and Level Annotations

Branches:
Dungeon (4/15)
 Temple: D:4-7

Altars:
Okawaru
Zin


Innate Abilities, Weirdness & Mutations

You reflexively headbutt those who attack you in melee.
You have a pair of horns on your head.


Message History

You completely miss the centaur skeleton.
You headbutt the centaur skeleton.
The centaur skeleton is heavily damaged.
The centaur skeleton closely misses you.
You slash the centaur skeleton! You headbutt the centaur skeleton.
You destroy the centaur skeleton!
Okawaru accepts your kill.
Unknown command.
You hit the ogre.
The ogre is lightly wounded.
The ogre hits you with a giant club!!
* * * LOW HITPOINT WARNING * * *
You slash the ogre! Your headbutt misses the ogre.
The ogre is moderately wounded.
The ogre hits you with a giant club!!
* * * LOW HITPOINT WARNING * * *
You slash the ogre! You headbutt the ogre.
The ogre is severely wounded.
The ogre hits you with a giant club!!
You die...

.###.###.###.#
......##.....#
.###..####...#
......# #...#
.####.####...#####
...*#............#
##.##.........##.#
#*............##O#
#**##.####.Z#.##@#
* #,* #...O##.# **
*,* #...###.#
≈********##''# #.#
≈≈**,,,,,,...# #.#
≈≈≈**,,,,....# #.#
*≈≈≈**,,.....# #.#
**≈≈≈**..?...#*#.#
,**≈≈≈##.....#,..#


You could see an ogre.

Vanquished Creatures
  A hound (D:4)
  Crazy Yiuf (D:3)
  A centaur skeleton (D:4)
  Jessica (D:2)
  A worker ant (D:3)
  A merfolk siren (Sewer)
  A merfolk avatar (Sewer)
  Robin (D:3)
  5 gnolls
  4 adders
  3 river rats (Sewer)
  An ooze (D:4)
  An adder skeleton (D:4)
  2 worms (D:2)
  9 dart slugs (D:3)
  9 leopard geckos
  An orc (D:3)
  5 ball pythons
  10 bats
  7 giant cockroaches
  20 goblins
  9 hobgoblins
  A quokka (D:2)
  10 frilled lizards
  12 kobolds
  28 rats
145 creatures vanquished.

Notes
Turn   | Place    | Note
-------+----------+-------------------------------------------
     0 | D:1      | pkoi the Minotaur Gladiator began the quest for the Orb.
     0 | D:1      | Reached XP level 1. HP: 18/18 MP: 0/0
    30 | D:1      | Reached skill level 4 in Long Blades
   111 | D:1      | Reached XP level 2. HP: 25/25 MP: 1/1
   427 | D:1      | Reached skill level 5 in Long Blades
   547 | D:1      | Reached XP level 3. HP: 30/30 MP: 2/2
   888 | D:2      | Reached skill level 1 in Armour
  1531 | D:2      | Noticed Jessica
  1546 | D:2      | Killed Jessica
  1546 | D:2      | Reached XP level 4. HP: 20/37 MP: 3/3
  1954 | D:3      | Found an iron altar of Okawaru.
  1962 | D:3      | Reached XP level 5. HP: 32/45 MP: 4/4
  1969 | D:3      | Became a worshipper of Warmaster Okawaru
  2296 | D:3      | Found a runed door.
  2393 | D:3      | Noticed Robin
  2405 | D:3      | Killed Robin
  2440 | D:3      | Found a glowing silver altar of Zin.
  2589 | D:3      | Noticed Crazy Yiuf
  2592 | D:3      | Killed Crazy Yiuf
  2634 | D:4      | Reached XP level 6. HP: 43/51 MP: 5/5
  2687 | D:4      | Found a glowing drain.
  2759 | Sewer    | Entered a sewer
  3653 | D:4      | Reached skill level 6 in Long Blades
  3664 | D:4      | Mangled by an ogre

Vault maps used:
D:1:      scummos_arrival_simple_fountains, serial_bayou_pond_d, hex_large
D:2:      kennysheep_jessica_study
D:3:      kennysheep_slugbush, lemuel_crystal_altar, okawaru_altar_gauntlet_db,
          uniq_crazy_yiuf_cottage, uniq_jessica, uniq_robin
D:4:      first_bread, gup_sewer_entry_pipe, abandoned_shop,
          kennysheep_minor_cross, kennysheep_opposing_triangles
Sewer:    sewer_sea

Skill      XL: |  1  2  3  4  5  6 |
---------------+-------------------+-----
Long Blades    | 4 5 6 |  6.0
Armour         | 1 2 3 |  3.5
Fighting       | 3 4 |  4.1
Throwing       | 3 |  3.6
Dodging        | 4 |  4.3

Action                   |  1- 3 |  4- 6 || total
-------------------------+-------+-------++-------
Melee: Long sword        |    76 |   233 ||   309
       Headbutt          |    14 |    42 ||    56
  Use: Scroll            |       |     3 ||     3
  Eat: Chunk             |     2 |     7 ||     9
Armor: Leather armour    |     3 |       ||     3
       Plate armour      |    32 |   183 ||   215
Dodge: Dodged            |    45 |   102 ||   147
       Rpst.: Long sword |    10 |    28 ||    38

Table legend:
 A = Spawn XP
 B = Non-spawn XP
 C = Spawn XP percentage of total XP
 D = Spawn monster count
 E = Non-spawn monster count
 F = Spawn count percentage of total count
 G = Total turns spent on level
                    A         B        C        D         E        F      G
               +---------+---------+-------+---------+---------+-------+---------
         Total |      18 |     652 |   2.7 |      10 |     135 |   6.9 |  3664
               +---------+---------+-------+---------+---------+-------+---------
           D:1 |       5 |      38 |  11.6 |       2 |      26 |   7.1 |   680
           D:2 |      10 |     107 |   8.5 |       6 |      18 |  25.0 |  1207
           D:3 |       3 |     215 |   1.4 |       2 |      41 |   4.7 |   740
           D:4 |       0 |     115 |   0.0 |       0 |      13 |   0.0 |   277
         Sewer |       0 |     177 |   0.0 |       0 |      37 |   0.0 |   760
               +---------+---------+-------+---------+---------+-------+---------
